 Dungeon Crawl Stone Soup version 0.16.0 (webtiles) character file.

11 Sixotanaka the Magician (level 2, 0/17 HPs)
             Began as a High Elf Wizard on Mar 17, 2015.
             Slain by a jackal (2 damage)
             ... on level 1 of the Dungeon.
             The game lasted 00:01:48 (381 turns).

Sixotanaka the Magician (High Elf Wizard)            Turns: 381, Time: 00:01:49

Health: 0/17       AC:  2    Str:  6    XL:     2   Next: 13%
Magic:  1/7        EV: 12    Int: 26    God:
Gold:   0          SH:  0    Dex: 13    Spells: 1 memorised, 7 levels left

rFire  . . .     SeeInvis .     e - +0 club
rCold  . . .     Clarity  .     a - +0 robe
rNeg   . . .     SustAb   .     (no shield)
rPois  .         Gourm    .     b - +0 hat
rElec  .         Spirit   .     (no cloak)
rCorr  .         Warding  .     (no gloves)
rMut   .         Stasis   .     (no boots)
MR     .....                    (no amulet)
Stlth  ++........               (no ring)
                                (no ring)

@: brilliant, not resistant to hostile enchantments, unstealthy
A: no striking features
a: no special abilities


You were on level 1 of the Dungeon.
You were not hungry.

You visited 1 branch of the dungeon, and saw 1 of its levels.


   Skills:
 - Level 2.1 Dodging
 - Level 2.1 Stealth
 - Level 3.6 Spellcasting
 + Level 2.4 Conjurations
   Level 0.8 Summonings
   Level 1.1 Translocations


You had 7 spell levels left.
You knew the following spells:

 Your Spells              Type           Power        Failure   Level  Hunger
z - Magic Dart            Conj           ####         1%          1    None


Dungeon Overview and Level Annotations

Branches:
Dungeon (1/15)

Altars:

Inventory:

Hand weapons
 e - a +0 club (weapon)
 j - a +0 short sword
Armour
 a - a +0 robe (worn)
 b - a +0 hat (worn)
Jewellery
 g - an uncursed amulet of stasis {unknown}
Scrolls
 h - a scroll of fog {unknown}
Books
 c - a book of Minor Magic
Comestibles
 d - a bread ration
 i - 3 chunks of flesh

. #.# . #.# #.# ... .#.# #.#
#... ###.#.# #.#
##...#####.....# #.#
........##.#.#.# #.#
...............# #.#####
...........#.#.####.....######
........#.....Kh@..........(.#
#.......#..#.#h########.####.#
##......#......# #.# #.#
#..........g### #.# #.#
#.##.#.#.#### ######.# #†#
#.###...## #......# #.# #.#
##.## #.###### #.# #.# #.# #.#
#.# #.# #.# #.# #.#


You could see 2 jackals, a hobgoblin and a kobold.


Message History

The magic dart hits the rat.
You kill the rat!
You have reached level 2!
i - 3 chunks of flesh You start resting.
A jackal and a kobold come into view.
The jackal moves out of view.
A kobold is nearby!
The kobold shouts!
A jackal comes into view.
The magic dart hits the jackal.
The jackal barks!
The jackal bites you.
A jackal and a hobgoblin come into view.
The magic dart hits the jackal.
The hobgoblin shouts!
The jackal barks!
The jackal barely misses you.
The magic dart hits the jackal.
The jackal bites you.
A jackal comes into view.
The jackal closely misses you.
You closely miss the jackal. The jackal bites you.
The jackal barely misses you.
You closely miss the jackal. The jackal barely misses you.
The jackal barely misses you.
You closely miss the jackal. The jackal closely misses you.
The jackal misses you.
You completely miss the jackal. The jackal bites you.
The jackal barely misses you.
You closely miss the jackal.
The jackal barks!
The jackal bites you. The jackal misses you.
You closely miss the jackal. The jackal barely misses you.
The jackal misses you.
The magic dart hits the jackal.
The jackal barely misses you.
The jackal bites you but does no damage.
The magic dart hits the jackal.
The jackal closely misses you.
The magic dart hits the jackal.
You kill the jackal!
The jackal bites you.
The magic dart hits the jackal.
You kill the jackal!
The jackal bites you but does no damage.
The magic dart hits the jackal.
The jackal closely misses you.
The magic dart hits the jackal.
The jackal closely misses you. The jackal closely misses you.
You don't have enough magic to cast that spell.
The jackal bites you.
* * * LOW HITPOINT WARNING * * *
Things that are here:
a short sword; a kobold corpse
j - a short sword The jackal closely misses you.
You barely miss the jackal. The jackal completely misses you.
The jackal bites you.
* * * LOW HITPOINT WARNING * * *
The jackal closely misses you. The jackal closely misses you.
The jackal bites you.
* * * LOW HITPOINT WARNING * * *
The magic dart hits the jackal.
The jackal closely misses you. The jackal closely misses you.
The jackal completely misses you.
Drink which item? (? for menu, Esc to quit)
It was a potion of brilliance.
You feel clever all of a sudden. The jackal barely misses you.
The jackal bites you.
* * * LOW HITPOINT WARNING * * *
The jackal bites you.
You die...

Action                   || total
-------------------------++-------
Melee: Club              ||     7
 Cast: Magic Dart        ||    28
  Use: Potion            ||     1

Vault maps used:
D:1:      saegor_arrival_simple_c

Notes
Turn   | Place    | Note
--------------------------------------------------------------
     0 | D:1      | Sixotanaka, the High Elf Wizard, began the quest for the Orb.
     0 | D:1      | Reached XP level 1. HP: 11/11 MP: 5/5
    87 | D:1      | Fiveotanaka: https://www.youtube.com/watch?v=KUZDYETJsKw
   134 | D:1      | Fiveotanaka: i found this hilarious :P
   242 | D:1      | Reached skill level 2 in Conjurations
   243 | D:1      | Sixotanaka: rofl yeah
   243 | D:1      | Fiveotanaka: this guy gets pwned so hard
   243 | D:1      | Sixotanaka: he couldn't listen to extremely simple instructions
   243 | D:1      | Fiveotanaka: just the way he blows up
   243 | D:1      | Fiveotanaka: you can't replicate it
   243 | D:1      | Fiveotanaka: its like something that comes out of florida
   243 | D:1      | Fiveotanaka: or jersey shore
   243 | D:1      | Sixotanaka: ya
   294 | D:1      | Reached XP level 2. HP: 17/17 MP: 2/7
   372 | D:1      | HP: 2/17 [jackal (3)]
   379 | D:1      | HP: 2/17 [jackal (1)]
   381 | D:1      | Slain by a jackal

Vanquished Creatures
  2 bats (D:1)
  A goblin (D:1)
  A hobgoblin (D:1)
  2 jackals (D:1)
  2 kobolds (D:1)
  2 rats (D:1)
10 creatures vanquished.
